 Dungeon Crawl Stone Soup version 0.29-a0-993-g4a18f31a58 (webtiles) character file.

Game seed: 962724868905855785

19784 inmateoo the Grappler (level 12, -5/95 HPs)
             Began as a Demonspawn Gladiator on Aug 2, 2022.
             Was a High Priest of Cheibriados.
             Slain by a very large slime creature (49 damage)
             ... on level 12 of the Dungeon.
             The game lasted 00:12:27 (14576 turns).

inmateoo the Grappler (Demonspawn Gladiator)       Turns: 14576, Time: 00:12:27

Health: -5/95      AC: 22    Str: 33    XL:     12   Next: 39%
Magic:  17/17      EV: 16    Int: 23    God:    Cheibriados [*****.]
Gold:   164        SH:  0    Dex: 27    Spells: 11/11 levels left

rFire   + + .      SeeInvis +     - Unarmed
rCold   . . .      Faith    .   (no shield)
rNeg    . . .      Spirit   .   t - +0 plate armour {rF+}
rPois   .          Reflect  .   D - +2 helmet {SInv}
rElec   .          Harm     .   u - +3 cloak "Linuni" {Regen+}
rCorr   +          Rampage  .   w - +0 pair of gloves
Will    +....                   (no boots)
Stlth   ..........              x - amulet of the acrobat
HPRegen 1.05/turn               p - ring "Solin" {rF+ Will+ rCorr Dex-3}
MPRegen 0.15/turn               B - ring of see invisible

@: about to teleport, very slow
A: sturdy frame 1, demonic magic 3, demonic touch 2
a: Renounce Religion, Bend Time, Temporal Distortion, Slouch, Step From Time


You were on level 12 of the Dungeon.
You worshipped Cheibriados.
Cheibriados was extremely pleased with you.
You visited 2 branches of the dungeon, and saw 13 of its levels.

You collected 598 gold pieces.
You spent 434 gold pieces at shops.

Inventory:

Missiles
 c - 3 throwing nets (quivered)
 v - 5 boomerangs
 E - 4 javelins
Armour
 t - a +0 plate armour of fire resistance (worn)
 u - the +3 cloak "Linuni" (worn) {Regen+}
   (You found it on level 6 of the Dungeon)

   Regen:     It increases your rate of health regeneration.
 w - a +0 pair of gloves (worn)
 D - a +2 helmet of see invisible (worn)
Jewellery
 p - the ring "Solin" (left hand) {rF+ Will+ rCorr Dex-3}
   (You acquired it on level 5 of the Dungeon)

   [ring of resist corrosion]

   Dex:       It affects your dexterity (-3).
   rF:        It protects you from fire.
   rCorr:     It protects you from acid and corrosion.
   Will:      It increases your willpower.
 x - an amulet of the acrobat (around neck)
 y - a ring of fire
 B - a ring of see invisible (right hand)
Wands
 a - a wand of charming (19)
 d - a wand of quicksilver (3)
 k - a wand of flame (13)
 m - a wand of polymorph (13)
 z - a wand of digging (3)
Scrolls
 e - 3 scrolls of enchant weapon
 g - 2 scrolls of butterflies
 h - a scroll of poison
 l - 2 scrolls of immolation
 n - 2 scrolls of teleportation
 o - 4 scrolls of amnesia
 q - 3 scrolls of identify
 r - 2 scrolls of enchant armour
 s - a scroll of fear
 C - a scroll of summoning
Potions
 b - 2 potions of resistance
 f - a potion of cancellation
 i - 2 potions of curing
 j - 4 potions of ambrosia
 A - a potion of flight


   Skills:
 + Level 9.3 Fighting
 - Level 1.7 Throwing
 + Level 8.2 Armour
 + Level 8.8 Dodging
 * Level 12.1 Unarmed Combat
 - Level 7.0 Invocations


You had 11 spell levels left.
You didn't know any spells.
Your spell library contained the following spells:

 Spells                   Type           Power      Damage    Failure   Level
 Apportation              Tloc           0%         N/A       56%         1
 Magic Dart               Conj           0%         1d3       56%         1
 Necrotise                Necr           0%         1d4       56%         1
 Summon Small Mammal      Summ           0%         N/A       56%         1
 Call Imp                 Summ           0%         N/A       71%         2
 Sublimation of Blood     Necr           0%         N/A       71%         2
 Call Canine Familiar     Summ           0%         N/A       91%         3
 Frozen Ramparts          Ice            0%         1d8       91%         3
 Gell's Gravitas          Tloc           0%         N/A       91%         3
 Lesser Beckoning         Tloc           0%         N/A       91%         3
 Mephitic Cloud           Conj/Pois/Air  0%         N/A       91%         3
 Portal Projectile        Hex/Tloc       0%         N/A       91%         3
 Teleport Other           Tloc           0%         N/A       91%         3
 Ice Form                 Ice/Tmut       0%         N/A       100%        4
 Leda's Liquefaction      Hex/Erth       0%         N/A       100%        4
 Petrify                  Tmut/Erth      0%         N/A       100%        4
 Summon Ice Beast         Ice/Summ       0%         N/A       100%        4
 Irradiate                Conj/Tmut      0%         3d11      100%        5
 Summon Forest            Summ/Tloc      0%         N/A       100%        5
 Eringya's Noxious Bog    Tmut/Pois      0%         N/A       100%        6
 Summon Hydra             Summ           0%         N/A       100%        7


Dungeon Overview and Level Annotations

Branches:
Dungeon (12/15)            Temple (1/1) D:6            Lair (0/5) D:8
    Orc: D:9-12

Altars:
Ashenzari
Cheibriados
Dithmenos
Fedhas
Gozag
Hepliaklqana
Kikubaaqudgha
Makhleb
Nemelex Xobeh
Okawaru
Qazlal
Ru
Sif Muna
Trog
Uskayaw
Vehumet
Wu Jian
Xom
Yredelemnul

Shops:
D:9 [

Annotations:
D:8 4 runed translucent doors, sastreii's ghost, novice VSFi


Innate Abilities, Weirdness & Mutations

Your movements are slightly less encumbered by armour. (ER -2)
Spells you cast and wands you use may paralyse nearby enemies.
Your touch may inflict irresistible damage on your foes.


Message History

No target in view!
No target in view!
No target in view!
No target in view!
No target in view!
HP restored.
There is a stone staircase leading up here.
You open the door.
There is an open door here.
You open the door. 4 slime creatures come into view.
The slime creature quivers. x3
Found 11 gold pieces.
A slime creature comes into view.
The slime creature quivers.
Two slime creatures merge to form a large slime creature.
There is an open door here.
There are monsters nearby!
You hit the slime creature.
You touch the slime creature!
The slime creature is moderately wounded.
The slime creature hits you but does no damage.
There are monsters nearby!
You pummel the slime creature!!
The slime creature is severely wounded.
You punch the slime creature!
The slime creature is almost dead.
The slime creature hits you! The slime creature closely misses you.
Two slime creatures merge to form a very large slime creature.
You punch the very large slime creature!
You touch the very large slime creature!
The very large slime creature is moderately wounded.
The slime creature hits you but does no damage.
The slime creature hits you!
The very large slime creature hits you!!
As you read the scroll of teleportation, it crumbles to dust.
You feel strangely unstable. The slime creature misses you.
The slime creature barely misses you.
The very large slime creature hits you!!!
Ouch! That really hurt!
You die...

########### #######
..#.......# ......#
.........#### ......#
#..........####J..$..#
#.......##....@J.....#
#.......#######J.....+
#.......# ......#
#####.### ##+#### #..#
##.## #..#
########'###
#..........#


You could see a very large slime creature and 2 slime creatures.

Vanquished Creatures
  A centaur warrior (D:8)
  4 two-headed ogres
  Urug (D:10)
  2 deep elf pyromancers (D:8)
  Pikel (D:7)
  A manticore (D:8)
  Maurice (D:11)
  2 gargoyles (D:11)
  An unseen horror (D:10)
  A troll (D:9)
  A slime creature (D:8)
  A shadow (D:11)
  A wraith (D:11)
  3 wyverns
  32 yaks
  A basilisk (D:8)
  3 steam dragons
  5 vampire mosquitoes
  2 acid dragons
  7 water moccasins
  2 sky beasts (D:7)
  8 orc warriors
  2 black bears (D:6)
  4 ice beasts
  5 centaurs
  A boggart (D:5)
  A phantom (D:5)
  A lemure (D:7)
  2 necrophages
  5 scorpions
  21 wights
  6 killer bees
  An electric eel (D:8)
  6 howler monkeys
  2 jellies
  8 orc priests
  5 hounds
  2 gnoll boudas (D:8)
  8 iguanas
  15 orc wizards
  11 gnolls
  12 adders
  A white imp (D:7)
  An ufetubus (D:4)
  A worm (D:3)
  45 orcs
  9 endoplasms
  2 giant cockroaches (D:4)
  5 goblins
  7 hobgoblins
  2 jackals (D:1)
  9 kobolds
  5 quokkas
  11 ball pythons
  4 bats
  2 frilled lizards
  7 rats
310 creatures vanquished.

Vanquished Creatures (collateral kills)
  A wight (D:5)
1 creature vanquished.

Vanquished Creatures (others)
  2 centaur warriors (D:8)
  A vampire mosquito (D:8)
  4 fungi
  5 plants
12 creatures vanquished.

Grand Total: 323 creatures vanquished

Notes
Turn   | Place    | Note
-------+----------+-------------------------------------------
     0 | D:1      | inmateoo the Demonspawn Gladiator began the quest for the
                  | Orb.
     0 | D:1      | Reached XP level 1. HP: 16/16 MP: 1/1
   733 | D:1      | Gained mutation: Your movements are slightly less
                  | encumbered by armour. (ER -2) [demonic ancestry]
   733 | D:1      | Reached XP level 2. HP: 22/22 MP: 2/2
   767 | D:1      | Reached skill level 3 in Unarmed Combat
  1959 | D:2      | Gained mutation: Your touch may inflict minor irresistible
                  | damage on your foes. [demonic ancestry]
  1959 | D:2      | Reached XP level 3. HP: 27/28 MP: 3/3
  2218 | D:2      | You fall into a shaft and drop 1 floor!
  2273 | D:3      | Reached skill level 1 in Armour
  3305 | D:2      | Found a faded altar of an unknown god.
  3326 | D:2      | Gained mutation: Your touch may inflict irresistible damage
                  | on your foes. [demonic ancestry]
  3326 | D:2      | Reached XP level 4. HP: 32/34 MP: 4/4
  3789 | D:4      | Noticed a scorpion
  3799 | D:4      | Killed a scorpion
  3800 | D:4      | Reached skill level 4 in Unarmed Combat
  3800 | D:4      | Reached XP level 5. HP: 26/40 MP: 5/5
  4545 | D:4      | Reached XP level 6. HP: 47/47 MP: 6/6
  5064 | D:4      | Identified a scroll of acquirement
  5087 | D:5      | Entered Level 5 of the Dungeon
  5124 | D:5      | Found a bloodstained altar of Trog.
  5621 | D:5      | Reached skill level 5 in Unarmed Combat
  5661 | D:5      | Noticed Eustachio
  5661 | D:5      | Noticed a water moccasin
  5694 | D:4      | Killed a water moccasin
  5695 | D:4      | Reached XP level 7. HP: 21/53 MP: 7/7
  6076 | D:5      | Found a blossoming altar of Fedhas.
  6720 | D:5      | Noticed Eustachio
  6720 | D:5      | Eustachio changed into Eustachio the boggart
  6725 | D:5      | Killed Eustachio the boggart
  7140 | D:5      | Found a radiant altar of Vehumet.
  7313 | D:5      | Acquired the ring "Solin" {rF+ Will+ rCorr Dex-3}
  7465 | D:5      | HP: 1/52 [wight/+2 great sword (10)]
  7765 | D:4      | Reached skill level 6 in Unarmed Combat
  7765 | D:4      | Gained mutation: Spells you cast may paralyse adjacent
                  | enemies. [demonic ancestry]
  7765 | D:4      | Reached XP level 8. HP: 49/61 MP: 8/8
  8604 | D:6      | Reached skill level 5 in Fighting
  8604 | D:6      | Reached skill level 5 in Dodging
  9052 | D:6      | Found a staircase to the Ecumenical Temple.
  9100 | Temple   | Entered the Ecumenical Temple
  9527 | D:6      | Reached skill level 7 in Unarmed Combat
  9636 | D:6      | Found a snail-covered altar of Cheibriados.
  9643 | D:6      | Found a radiant altar of Vehumet.
  9651 | D:6      | Found an iron altar of Okawaru.
  9662 | D:6      | Became a worshipper of Cheibriados the Contemplative
  9672 | D:6      | Found a shimmering blue altar of Sif Muna.
  9679 | D:6      | Found a shimmering altar of Xom.
  9684 | D:6      | Found a hide-covered altar of Uskayaw.
  9820 | D:6      | Reached XP level 9. HP: 67/68 MP: 9/9
 10055 | D:6      | Reached skill level 5 in Armour
 10055 | D:6      | Reached skill level 8 in Unarmed Combat
 10055 | D:6      | Reached * piety under Cheibriados
 10072 | D:6      | Identified the +3 cloak "Linuni" {Regen+}
 10409 | D:7      | Reached skill level 1 in Invocations
 10510 | D:7      | Found a sacrificial altar of Ru.
 10788 | D:7      | Gained mutation: Spells you cast may paralyse nearby
                  | enemies. [demonic ancestry]
 10788 | D:7      | Reached XP level 10. HP: 68/75 MP: 12/12
 11116 | D:7      | Noticed Pikel
 11128 | D:7      | Reached ** piety under Cheibriados
 11133 | D:7      | Killed Pikel
 11134 | D:7      | Reached skill level 9 in Unarmed Combat
 11327 | D:8      | Found a staircase to the Lair.
 11368 | D:8      | Found a runed translucent gate.
 11368 | D:8      | Found a runed translucent gate.
 11368 | D:8      | Noticed sastreii's ghost (novice VSFi)
 11369 | D:8      | Found a runed translucent gate.
 11645 | D:8      | Reached *** piety under Cheibriados
 11878 | D:8      | Reached skill level 5 in Invocations
 12106 | D:8      | Found a runed translucent door.
 12108 | D:8      | Noticed a centaur warrior
 12122 | D:8      | Killed a centaur warrior
 12188 | D:8      | Noticed a centaur warrior
 12189 | D:8      | Reached skill level 10 in Unarmed Combat
 12191 | D:8      | Noticed a centaur warrior
 12193 | D:8      | Noticed a deep elf pyromancer
 12193 | D:8      | Noticed a two-headed ogre
 12193 | D:8      | Identified the +9 scimitar of Hiasiap {antimagic, Str+3
                  | Int+4 SInv}
 12193 | D:8      | Noticed a deep elf pyromancer
 12208 | D:8      | Killed a two-headed ogre
 12209 | D:8      | Reached XP level 11. HP: 33/85 MP: 15/15
 12223 | D:8      | Killed a deep elf pyromancer
 12231 | D:8      | Killed a deep elf pyromancer
 12343 | D:8      | Identified the +7 halberd of Transparent Conscience
                  | {freeze, rCorr Stlth+}
 12897 | D:9      | Found Motet's Antique Armour Emporium.
 12900 | D:9      | Bought a pair of embroidered boots for 217 gold pieces
 12903 | D:9      | Bought a pair of runed boots for 217 gold pieces
 12961 | D:9      | Reached **** piety under Cheibriados
 13303 | D:9      | Reached skill level 11 in Unarmed Combat
 13379 | D:9      | Noticed a two-headed ogre
 13385 | D:9      | Killed a two-headed ogre
 13460 | D:10     | Entered Level 10 of the Dungeon
 13470 | D:10     | Reached ***** piety under Cheibriados
 13490 | D:10     | Identified the +6 hand axe of Makhleb's Regard {speed, rF++
                  | Will-}
 13583 | D:10     | Noticed a two-headed ogre
 13589 | D:10     | Killed a two-headed ogre
 13638 | D:10     | Gained mutation: Spells you cast and wands you use may
                  | paralyse nearby enemies. [demonic ancestry]
 13638 | D:10     | Reached XP level 12. HP: 94/94 MP: 17/17
 13841 | D:10     | Noticed Urug
 13846 | D:10     | Killed Urug
 14069 | D:11     | Noticed a two-headed ogre
 14076 | D:11     | Killed a two-headed ogre
 14141 | D:11     | Reached skill level 12 in Unarmed Combat
 14480 | D:11     | Noticed Maurice
 14490 | D:11     | Killed Maurice
 14576 | D:12     | Slain by a very large slime creature

Illustrated notes

Levels and vault maps discovered:
D:1:      zelgadis_glass_arrival_small, layout_loops_ring,
          serial_co_window_serial, co_window_paths_b, co_window_corner_a,
          co_window_paths_b, co_window_of_opportunity_a,
          co_window_of_opportunity_a, co_window_broadway_b,
          co_window_of_opportunity_b, co_window_2corner, co_window_2corner,
          glass_columns_b, glass_columns_a, glass_columns_c, glass_columns_a
D:2:      layout_basic, dreamdust_ecumenical_altar_hidden_monk_grotto
D:3:      layout_rooms, serial_corexii_hall, chequers_hall_statues_wall_a,
          chequers_hall_statues_corner_a, grunt_decor_fettered,
          minmay_liquid_box
D:4:      layout_loops_corners, corexii_shack
D:5:      layout_cave_pools, fedhas_ov_isle_minmay, hangedman_feature_mirror,
          uniq_eustachio
D:6:      layout_cave_pools, grunt_temple_overflow_octagram,
          minmay_temple_entry_wispy, chequers_serial_rivers_room_a,
          dreamdust_mushroom_princess, minmay_joined_circles
D:7:      layout_basic, nicolae_ru_sacrificial_ziggurat, uniq_pikel
D:8:      minmay_the_grid_triangle_9x9_rhombus_full
          [minmay_the_grid_triangle_9x9_impossible_snake,
          minmay_the_grid_triangle_9x9_descending_squares,
          minmay_the_grid_triangle_9x9_cache,
          minmay_the_grid_triangle_9x9_longest,
          minmay_the_grid_triangle_9x9_corrupted_corridor,
          minmay_the_grid_triangle_9x9_thin_v,
          minmay_the_grid_triangle_9x9_subtriangle,
          minmay_the_grid_triangle_9x9_prize_schism], layout_basic,
          gammafunk_ghost_nasty_kobolds, amcnicky_mini_pool_medium
D:9:      layout_roguey, serial_shops, nicolae_shop_trees,
          kennysheep_generic_room_3
D:10:     layout_rooms, uniq_urug
D:11:     layout_long_grid, uniq_maurice
D:12:     layout_roguey, david_orc_4
Temple:   compressed_dpeg_triangle_lava_temple

Skill      XL: |  1  2  3  4  5  6  7  8  9 10 11 12 |
---------------+-------------------------------------+-----
Unarmed Combat | 3 4 5 6 7 8 10 11 12 | 12.1
Dodging        | 3 4 5 6 7 8 |  8.8
Armour         | 1 2 3 4 5 6 7 8 |  8.2
Fighting       | 3 4 5 6 7 8 9 |  9.3
Invocations    | 3 6 7 |  7.0
Throwing       | |  1.7

Action                   |  1- 3 |  4- 6 |  7- 9 | 10-12 || total
-------------------------+-------+-------+-------+-------++-------
Melee: Unarmed           |   153 |   127 |   320 |   467 ||  1067
       Punch             |     3 |     4 |    18 |    45 ||    70
       Touch             |    10 |    20 |    70 |   118 ||   218
Throw: Throwing net      |       |     2 |     3 |       ||     5
       Javelin           |       |       |       |     3 ||     3
Evoke: Wand              |       |       |     6 |    10 ||    16
  Use: Scroll            |    11 |     6 |     3 |     6 ||    26
       Potion            |       |     3 |     1 |       ||     4
 Stab: Sleeping          |     1 |     2 |     1 |       ||     4
Armor: Leather armour    |    45 |    30 |    20 |       ||    95
       Scale mail        |       |       |    43 |       ||    43
       Plate armour      |       |       |    71 |   240 ||   311
Dodge: Dodged            |    81 |    95 |   203 |   341 ||   720
       Repelled          |       |       |     2 |       ||     2

Table legend: (Time is in decaauts)
 A = Elapsed time spent in this place.
 B = Non-inter-level travel time spent in this place.
 C = Inter-level travel time spent in this place.
 D = Time resting spent in this place.
 E = Time spent auto-exploring this place.
 F = Levels seen in this place.
 G = Mean time per level.
                   A        B        C        D        E       F      G
               +--------+--------+--------+--------+--------+-----+--------+
         Total |  16674 |  16024 |    650 |   5571 |   7796 |  13 | 1282.6 |
       Dungeon |  16508 |  15879 |    629 |   5571 |   7700 |  12 | 1375.7 |
        Temple |    166 |    145 |     21 |      0 |     96 |   1 |  166.0 |
               +--------+--------+--------+--------+--------+-----+--------+

Top non-repeatable levels by time:
     D:4: 3382 daAuts
     D:8: 2041 daAuts
     D:1: 1777 daAuts
     D:6: 1709 daAuts
     D:5: 1705 daAuts
     D:9: 1206 daAuts
     D:7: 1112 daAuts
    D:11: 1049 daAuts
     D:3: 913 daAuts
    D:10: 786 daAuts
     D:2: 769 daAuts
  Temple: 166 daAuts
    D:12: 53 daAuts
